Match 45156376
Unlisted

Match 45156376
End
Construct Barracks
Selects Armored Battlegroup
Selects Veteran Crews
1⁄4-ton 4x4 Truck
Riflemen Squad
Riflemen Squad
Riflemen Squad
Grenade Package
Air Support Center
P-47 Strafing Run
Selects Fast Deploy
Construct Motor Pool
P-47 Dive Bomb
M24 Chaffee Light Tank
Construct Medical Station
Construct Medical Station
P-47 Strafing Run
Grasshopper Recon Run
M1 Anti-tank Gun Team
Engineer Squad
P-47 Strafing Run
Grasshopper Recon Run
Construct Tank Depot
Selects M8 Scott SPG
M8 Scott SPG
P-47 Strafing Run
Engineer Squad
M1918 Browning Automatic Rifles
P-47 Strafing Run
Grasshopper Recon Run
M8 Scott SPG
Grasshopper Recon Run
Selects UNKNOWN (2160077)
Engineer Squad
P-47 Strafing Run
Grasshopper Recon Run
Construct Tank Depot
Selects M31 Recovery Vehicle
P-47 Strafing Run
M4A1 Sherman Medium Tank
XuZhongwei
nossi
좋빠가
3+++
OHMYGOD
Creation
MarsAlien
寶兔兔
0
0

Comments sign in to comment!

No comments posted yet!